 Dungeon Crawl Stone Soup version 0.22-a0-542-gce4f928 (webtiles) character file.

2519 kae the Insei (level 9, 0/102 HPs)
             Began as a Demonspawn Transmuter on June 24, 2018.
             Was a Follower of Okawaru.
             Engulfed by a cloud of flame (4 damage)
             ... on level 8 of the Dungeon.
             The game lasted 00:11:26 (11643 turns).

kae the Insei (Demonspawn Transmuter)              Turns: 11643, Time: 00:11:26

Health: 0/102      AC: 27    Str: 11    XL:     9   Next: 29%
Magic:  16/16      EV:  2    Int: 19    God:    Okawaru [*.....]
Gold:   418        SH:  0    Dex: 17    Spells: 12/18 levels left

rFire    . . .     SeeInvis .     - Unarmed
rCold    . . .     Gourm    .   (no shield)
rNeg     + + +     Faith    .   (armour currently unavailable)
rPois    +         Spirit   .   (helmet currently unavailable)
rElec    .         Reflect  .   (cloak currently unavailable)
rCorr    .         Harm     .   (gloves currently unavailable)
MR       .....     NoTele   +   (boots currently unavailable)
Stlth    ++........             (no amulet)
HPRegen  0.27/turn              h - +3 ring of protection
MPRegen  0.15/turn              p - +3 ring of evasion

@: brilliant, tree-form
A: demonic guardian 1, icemail, freezing cloud immunity
a: Heroism, Renounce Religion


You were on level 8 of the Dungeon.
You worshipped Okawaru.
Okawaru was aware of your devotion.
You were near starving.
You were a tree.
You visited 2 branches of the dungeon, and saw 9 of its levels.

You collected 418 gold pieces.

Inventory:

Missiles
 a - 191 arrows
Armour
 b - a +0 robe
 o - a +0 hat (melded)
 r - the cursed +0 ring mail of Going Fast (melded) {rCorr}
   (You found it on level 7 of the Dungeon)

   It protects you from acid and corrosion.
   It has a curse placed upon it.
 u - a cursed +0 cloak (melded)
Jewellery
 g - an uncursed amulet of faith
 h - a +3 ring of protection (left branch)
 m - a +3 ring of protection
 p - a +3 ring of evasion (right branch)
Wands
 c - a wand of random effects (29)
 l - a wand of flame (34)
Scrolls
 e - 10 scrolls of identify
 f - 4 scrolls of remove curse
Potions
 i - 4 potions of might
 k - a potion of flight
 n - a potion of agility
 s - a potion of lignification
Comestibles
 d - 12 rations


   Skills:
 + Level 5.1 Fighting
 + Level 0.5 Armour
 - Level 1.7 Dodging
 * Level 7.2 Unarmed Combat
 + Level 5.0 Spellcasting
 * Level 6.8 Transmutations


You had 12 spell levels left.
You knew the following spells:

 Your Spells              Type           Power        Failure   Level  Hunger
a - Beastly Appendage     Tmut           #####.       1%          1    None
b - Sticks to Snakes      Tmut           #####...     1%          2    #......
c - Spider Form           Tmut/Pois      ####......   1%          3    ##.....

Your spell library contained the following spells:

 Spells                   Type           Power        Failure   Level  Hunger
 Magic Dart               Conj           ###.         1%          1    None
 Iskenderun's Mystic Bla  Conj           ###.....     13%         4    ####...
 Blade Hands              Tmut           #####.....   2%          5    ######.
 Ice Form                 Ice/Tmut       ####....     3%          4    ####...
 Fulminant Prism          Conj/Hex       ###.......   13%         4    ####...
 Dazzling Spray           Conj/Hex       ###...       4%          3    ##.....
 Force Lance              Conj/Tloc      ###.....     13%         4    ####...
 Searing Ray              Conj           ###...       2%          2    #......


Dungeon Overview and Level Annotations

Branches:
Dungeon (8/15)             Temple (1/1) D:6
   Lair: D:8-11

Altars:
Ashenzari
Cheibriados
Dithmenos
Elyvilon
Fedhas
Gozag
Kikubaaqudgha
Makhleb
Nemelex Xobeh
Okawaru
Qazlal
Ru
Sif Muna
Trog
Vehumet
Wu Jian
Xom
Yredelemnul
Zin
The Shining One

Shops:
D:5 }


Innate Abilities, Weirdness & Mutations

((You have a pair of small horns on your head.))
((You are partially covered in molten scales. (AC +2)))
((Your flesh is cold resistant. (rC+)))
A weak demonic guardian rushes to your aid.
A meltable icy envelope protects you from harm. (AC +0)
You are immune to freezing clouds.


Message History

Unknown command.
Unknown command.
Unknown command.
You feel better.
You are engulfed in blazing flames.
You are engulfed in blazing flames.
Okay, then.
As you read the scroll of identify, it crumbles to dust.
t - a potion of brilliance You are engulfed in blazing flames.
You feel clever all of a sudden.
You are engulfed in blazing flames.
You are engulfed in blazing flames.
* * * LOW HITPOINT WARNING * * *
You are engulfed in blazing flames.
* * * LOW HITPOINT WARNING * * *
You are engulfed in blazing flames.
You are engulfed in blazing flames.
* * * LOW HITPOINT WARNING * * *
You are engulfed in blazing flames.
You die...

................
#..................
..................#
..........y/%.....#
#........§§§......#
#........§§§§.$...#
#......§§§§§?....#
#......§§♣§§y...#
#.>..<..§5§...##
##...........##
##...%....###
##########


You could see 2 killer bees and a friendly white imp.

Vanquished Creatures
  Prince Ribbit (D:5)
  Duvessa (D:4)
  A phantom (D:5)
  An ice beast (D:6)
  A centaur (D:5)
  2 bullfrogs
  Dowan (D:4)
  6 killer bees
  3 wights (D:6)
  3 crimson imps
  A hound (D:6)
  11 orc wizards
  Crazy Yiuf (D:7)
  2 jellies
  9 orc priests
  A bullfrog skeleton (D:7)
  An iguana (D:7)
  A worker ant (D:5)
  A hound zombie (D:3)
  A hound skeleton (D:4)
  A howler monkey zombie (D:6)
  Robin (D:4)
  7 gnolls
  10 adders
  A shadow imp (D:6)
  An ooze (D:2)
  2 adder skeletons (D:4)
  An adder zombie (D:7)
  3 worms
  3 dart slugs
  3 leopard geckos
  40 orcs
  3 ball pythons
  6 giant cockroaches
  16 goblins
  6 hobgoblins
  11 jackals
  5 quokkas
  7 bats
  4 frilled lizards
  2 jackal skeletons
  5 kobolds
  8 rats
195 creatures vanquished.

Vanquished Creatures (collateral kills)
  Menkaure (D:6)
  An orc wizard (D:8)
  An orc (D:7)
  A goblin (D:3)
  A kobold (D:1)
  2 bats (D:2)
7 creatures vanquished.

Grand Total: 202 creatures vanquished

Notes
Turn   | Place    | Note
-------+----------+-------------------------------------------
     0 | D:1      | kae the Demonspawn Transmuter began the quest for the Orb.
     0 | D:1      | Reached XP level 1. HP: 15/15 MP: 3/3
   700 | D:1      | Mutation became permanent: You have a pair of small horns on your head. [demonic ancestry]
   700 | D:1      | Gained mutation: You have a pair of horns on your head. [demonic ancestry]
   700 | D:1      | Reached XP level 2. HP: 21/21 MP: 3/5
   761 | D:1      | Reached skill level 3 in Unarmed Combat
  1001 | D:1      | Learned a level 2 spell: Sticks to Snakes
  1251 | D:1      | Gained mutation: Your flesh is cold resistant. (rC+) [demonic ancestry]
  1251 | D:1      | Reached XP level 3. HP: 19/26 MP: 6/6
  1256 | D:1      | Learned a level 3 spell: Spider Form
  2788 | D:2      | Gained mutation: You are partially covered in molten scales. (AC +2) [demonic ancestry]
  2788 | D:2      | Reached XP level 4. HP: 33/33 MP: 5/7
  3575 | D:2      | Found a shattered altar of Ashenzari.
  3911 | D:2      | Reached XP level 5. HP: 29/38 MP: 4/8
  4452 | D:3      | Found a shadowy altar of Dithmenos.
  4526 | D:3      | Reached skill level 4 in Unarmed Combat
  5163 | D:3      | Found a sparkling altar of Nemelex Xobeh.
  5174 | D:3      | Found a stormy altar of Qazlal.
  5175 | D:3      | Found a bloodstained altar of Trog.
  5263 | D:3      | Reached XP level 6. HP: 44/46 MP: 10/10
  6233 | D:4      | Gained mutation: You are immune to freezing clouds. [demonic ancestry]
  6233 | D:4      | Reached XP level 7. HP: 20/52 MP: 11/11
  6421 | D:4      | Noticed Robin
  6438 | D:4      | Killed Robin
  6650 | D:4      | Reached skill level 5 in Unarmed Combat
  6729 | D:4      | Noticed Duvessa
  6729 | D:4      | Noticed Dowan
  6741 | D:4      | Killed Duvessa
  6748 | D:4      | Killed Dowan
  7678 | D:5      | Entered Level 5 of the Dungeon
  7678 | D:5      | Found Zaiw's Gadget Emporium.
  8332 | D:5      | Noticed Prince Ribbit
  8441 | D:5      | Reached skill level 5 in Transmutations
  8456 | D:5      | Killed Prince Ribbit
  8456 | D:5      | Gained mutation: A meltable icy envelope protects you from harm. (AC +0) [demonic ancestry]
  8456 | D:5      | Reached XP level 8. HP: 30/60 MP: 7/14
  8963 | D:5      | Reached skill level 6 in Unarmed Combat
  9704 | D:6      | Found a staircase to the Ecumenical Temple.
  9744 | Temple   | Entered the Ecumenical Temple
  9828 | Temple   | Became a worshipper of Warmaster Okawaru
 10261 | D:6      | Noticed Menkaure
 10348 | D:6      | Gained mutation: A weak demonic guardian rushes to your aid. [demonic ancestry]
 10348 | D:6      | Reached XP level 9. HP: 41/66 MP: 13/16
 10533 | D:6      | Killed Menkaure
 10784 | D:7      | Reached skill level 7 in Unarmed Combat
 10796 | D:7      | Reached * piety under Okawaru
 11070 | D:7      | Got a faintly glowing ring mail
 11094 | D:7      | Identified the cursed +0 ring mail of Going Fast {rCorr} (You found it on level 7 of the Dungeon)
 11254 | D:7      | Found a runed door.
 11565 | D:7      | Noticed Crazy Yiuf
 11570 | D:7      | Killed Crazy Yiuf
 11570 | D:7      | Reached skill level 5 in Fighting
 11633 | D:8      | Reached skill level 5 in Spellcasting
 11642 | D:8      | HP: 4/102 [cloud of flame (17)]
 11643 | D:8      | Engulfed by a cloud of flame

Vault maps used:
D:1:      saegor_arrival_simple_b
D:2:      ashenzari_altar_1
D:3:      lemuel_round_altar, grunt_temple_overflow_open
D:4:      first_ration, grunt_decor_resistance, kennysheep_generic_room_4,
          uniq_robin, uniq_duvessa
D:5:      serial_shops, nicolae_shop_trees, uniq_prince_ribbit1
D:6:      minmay_temple_entry_trees, uniq_menkaure
D:7:      hangedman_decor_clover_reticule, uniq_crazy_yiuf_cottage
D:8:      lemuel_doored_altar, hangedman_ranch
Temple:   regret_index_temple_waves

Skill      XL: |  1  2  3  4  5  6  7  8  9 |
---------------+----------------------------+-----
Transmutations | 2 3 4 5 6 |  6.8
Unarmed Combat | 3 4 5 6 7 |  7.2
Fighting       | 2 3 4 5 |  5.1
Spellcasting   | 3 4 5 |  5.0
Armour         | |  0.5
Dodging        | |  1.7

Action                   |  1- 3 |  4- 6 |  7- 9 || total
-------------------------+-------+-------+-------++-------
Melee: Unarmed           |   126 |   223 |   296 ||   645
       Punch             |     2 |     2 |       ||     4
       Headbutt          |    11 |    12 |    11 ||    34
       Kick              |     7 |    10 |       ||    17
 Cast: Beastly Appendage |    14 |     7 |       ||    21
       Sticks to Snakes  |     4 |     3 |       ||     7
       Spider Form       |       |    18 |    40 ||    58
Evoke: Wand              |       |       |     6 ||     6
  Use: Scroll            |       |     8 |     7 ||    15
       Potion            |       |     3 |     4 ||     7
 Stab: Sleeping          |     1 |     1 |     2 ||     4
  Eat: Chunk             |     6 |    14 |    13 ||    33
       Ration            |       |       |     2 ||     2
Armor: Robe              |    29 |    25 |    12 ||    66
       Skin              |       |     8 |    28 ||    36
       Ring mail         |       |       |     3 ||     3
Dodge: Dodged            |    83 |   174 |   187 ||   444

Table legend:
 A = Spawn XP
 B = Non-spawn XP
 C = Spawn XP percentage of total XP
 D = Spawn monster count
 E = Non-spawn monster count
 F = Spawn count percentage of total count
 G = Total turns spent on level
                    A         B        C        D         E        F      G
               +---------+---------+-------+---------+---------+-------+---------
         Total |       0 |    3599 |   0.0 |       0 |     202 |   0.0 | 11643
               +---------+---------+-------+---------+---------+-------+---------
           D:1 |       0 |      77 |   0.0 |       0 |      29 |   0.0 |  1983
           D:2 |       0 |     155 |   0.0 |       0 |      32 |   0.0 |  2331
           D:3 |       0 |     357 |   0.0 |       0 |      40 |   0.0 |  1433
           D:4 |       0 |     519 |   0.0 |       0 |      29 |   0.0 |  2235
           D:5 |       0 |     804 |   0.0 |       0 |      24 |   0.0 |  1504
           D:6 |       0 |    1047 |   0.0 |       0 |      26 |   0.0 |  1109
           D:7 |       0 |     385 |   0.0 |       0 |      14 |   0.0 |   912
           D:8 |       0 |     255 |   0.0 |       0 |       8 |   0.0 |    25
               +---------+---------+-------+---------+---------+-------+---------
